 Dungeon Crawl Stone Soup version 0.29-a0-222-g5b244fca1f (webtiles) character file.

Game seed: 301455397140902018

148 Inarius the Chopper (level 5, -2/41 HPs)
             Began as a Demonspawn Fighter on Feb 27, 2022.
             Killed by nerve-wracking pain
             ... invoked by an orc priest
              (14 damage)
             ... on level 3 of the Dungeon.
             The game lasted 00:02:46 (2874 turns).

Inarius the Chopper (Demonspawn Fighter)            Turns: 2874, Time: 00:02:47

Health: -2/41      AC:  9    Str: 19    XL:     5   Next: 8%
Magic:  5/5        EV: 12    Int:  9    God:
Gold:   87         SH:  4    Dex: 12    Spells: 4/4 levels left

rFire   . . .      SeeInvis .   a - +0 war axe
rCold   . . .      Faith    .   c - +0 buckler
rNeg    . . .      Spirit   .   d - +0 chain mail
rPois   .          Reflect  .   (no helmet)
rElec   .          Harm     .   (no cloak)
rCorr   .          Rampage  .   (no gloves)
Will    .....                   (no boots)
Stlth   ..........              (no amulet)
HPRegen 0.13/turn               (no ring)
MPRegen 0.09/turn               (no ring)

@: agile
A: ignite blood 1, powered by pain 1
a: no special abilities


You were on level 3 of the Dungeon.
You visited 1 branch of the dungeon, and saw 3 of its levels.

You collected 87 gold pieces.

Inventory:

Hand Weapons
 a - a +0 war axe (weapon)
Armour
 c - a +0 buckler (worn)
 d - a +0 chain mail (worn)
 h - a +0 plate armour
Scrolls
 b - 2 scrolls of fog {unknown}
 e - a scroll of enchant weapon {unknown}
 f - 4 scrolls of identify {unknown}
 i - 2 scrolls of teleportation {unknown}
Potions
 g - 2 potions of mutation {unknown}
 j - a potion of lignification {unknown}


   Skills:
 + Level 3.5 Fighting
 * Level 4.0 Axes
 + Level 3.2 Armour
 + Level 2.9 Shields


You had 4 spell levels left.
You didn't know any spells.
Your spell library contained the following spells:

 Spells                   Type           Power      Damage    Failure   Level
 Beastly Appendage        Tmut           0%         N/A       99%         1
 Ensorcelled Hibernation  Hex/Ice        0%         N/A       100%        2
 Wereblood                Tmut           0%         N/A       100%        2
 Spider Form              Tmut/Pois      0%         N/A       100%        3
 Anguish                  Hex/Necr       0%         N/A       100%        4


Dungeon Overview and Level Annotations

Branches:
Dungeon (3/15)

Altars:


Innate Abilities, Weirdness & Mutations

Your demonic aura sometimes causes spilled blood to erupt in flames.
You sometimes gain a little power by taking damage.


Message History

The orc shouts!
The orc priest shouts!
The orc priest begins to cast a cantrip, but forgets the words!
There are monsters nearby!
The teleport trap disappears.
The orc priest disappears!
The orc priest reappears nearby!
The orc priest mumbles some strange prayers to Beogh against you.
Beogh smites you!
You focus on the pain.
You feel agile all of a sudden.
You hear a shout!
The orc priest looks encouraged for a moment.
The orc priest looks satisfied for a moment.
There is a stone staircase leading up, spattered with blood here.
You start resting.
An orc priest is nearby!
You hit the orc priest but do no damage.
You block the orc priest's attack.
The orc priest hits you with a +0 short sword.
You hit the orc priest.
The orc priest is lightly wounded.
The orc priest closely misses you.
You hit the orc priest.
The orc priest is moderately wounded.
The orc priest misses you. The orc priest closely misses you.
You barely miss the orc priest.
The orc priest is moderately wounded.
The orc priest closely misses you.
You closely miss the orc priest.
The orc priest is moderately wounded.
The orc priest hits you with a +0 short sword.
You completely miss the orc priest.
The orc priest is moderately wounded.
The orc priest hits you with a +0 short sword.
You barely miss the orc priest.
The orc priest is moderately wounded.
The orc priest calls down the wrath of Beogh upon you.
Pain shoots through your body!
* * * LOW HITPOINT WARNING * * *
The orc priest mumbles some strange prayers to Beogh against you.
Pain shoots through your body!
You die...

...........######.##..##
...........# #.......
.........### ####.(..
.........# ##....
.........# ####.....
###....########........
#..................o.
##..)o####..........##
#....@# #..........##
#....<# #..........###
#....## #.............
#....# #..............
#....##............##.
#.................###.
#....####.......... #.
#....# #.............
......# #.............


You could see an orc priest.

Vanquished Creatures
  A phantom (D:2)
  2 adders (D:2)
  2 dart slugs
  8 endoplasms
  A giant cockroach (D:2)
  5 goblins
  6 hobgoblins
  A jackal (D:2)
  4 quokkas
  2 ball pythons
  6 frilled lizards
  4 kobolds (D:2)
  4 rats
46 creatures vanquished.

Notes
Turn   | Place    | Note
-------+----------+-------------------------------------------
     0 | D:1      | Inarius the Demonspawn Fighter began the quest for the Orb.
     0 | D:1      | Reached XP level 1. HP: 18/18 MP: 1/1
   328 | D:1      | Found a faded altar of an unknown god.
   361 | D:1      | Reached skill level 2 in Axes
   362 | D:1      | Gained mutation: You sometimes gain a little power by
                  | taking damage. [demonic ancestry]
   362 | D:1      | Reached XP level 2. HP: 24/24 MP: 2/2
   921 | D:2      | Reached XP level 3. HP: 6/29 MP: 3/3
  1797 | D:2      | Reached skill level 3 in Axes
  1971 | D:2      | Noticed a phantom
  2034 | D:2      | Killed a phantom
  2035 | D:2      | Reached XP level 4. HP: 13/35 MP: 4/4
  2396 | D:2      | Gained mutation: Your demonic aura sometimes causes spilled
                  | blood to erupt in flames. [demonic ancestry]
  2396 | D:2      | Reached XP level 5. HP: 41/41 MP: 5/5
  2524 | D:2      | Reached skill level 4 in Axes
  2874 | D:3      | Killed from afar by an orc priest

Illustrated notes

Levels and vault maps discovered:
D:1:      dpeg_arrival_pits, layout_basic,
          shapermc_ecumenical_altar_mp_highgroup
D:2:      layout_basic, st_stairs_5
D:3:      layout_rooms, gammafunk_ghost_necromancy, uniq_natasha

Skill      XL: |  1  2  3  4  5 |
---------------+----------------+-----
Axes           | 2 3 4 |  4.0
Armour         | 3 |  3.2
Fighting       | |  3.5
Shields        | |  2.9

Action                   |  1- 3 |  4- 6 || total
-------------------------+-------+-------++-------
Melee: War axe           |   121 |    46 ||   167
  Use: Potion            |     4 |       ||     4
Armor: Scale mail        |    30 |       ||    30
       Chain mail        |    17 |    15 ||    32
Dodge: Dodged            |    49 |    20 ||    69
Block: Buckler           |    29 |    13 ||    42

Table legend: (Time is in decaauts)
 A = Elapsed time spent in this place.
 B = Non-inter-level travel time spent in this place.
 C = Inter-level travel time spent in this place.
 D = Time resting spent in this place.
 E = Time spent auto-exploring this place.
 F = Levels seen in this place.
 G = Mean time per level.
                   A        B        C        D        E       F      G
               +--------+--------+--------+--------+--------+-----+--------+
         Total |   2938 |   2817 |    121 |    732 |   1571 |   3 |  979.3 |
       Dungeon |   2938 |   2817 |    121 |    732 |   1571 |   3 |  979.3 |
               +--------+--------+--------+--------+--------+-----+--------+

Top non-repeatable levels by time:
     D:2: 1882 daAuts
     D:1: 918 daAuts
     D:3: 137 daAuts
